 Dungeon Crawl Stone Soup version 0.18.1-48-g4cf74bf (webtiles) character file.

365 PossumBlood the Shooter (level 6, 0/67 HPs)
             Began as a High Elf Hunter on Aug 22, 2016.
             Slain by an ice beast (8 damage)
             ... on level 5 of the Dungeon.
             The game lasted 00:08:14 (3818 turns).

PossumBlood the Shooter (High Elf Hunter)           Turns: 3818, Time: 00:08:14

Health: 0/67       AC: 23    Str: 11      XL:     6   Next: 40%
Magic:  7/7        EV:  2    Int: 15      God:
Gold:   264        SH:  0    Dex: 20 (21) Spells: 0 memorised, 5 levels left

rFire  . . .     SeeInvis .     a - +1 shortbow
rCold  . . .     Gourm    .     (armour currently unavailable)
rNeg   + + +     Faith    .     (shield currently unavailable)
rPois  +         Spirit   .     (helmet currently unavailable)
rElec  .         Dismiss  .     (cloak currently unavailable)
rCorr  +         Reflect  .     (gloves currently unavailable)
SustAt .         Harm     .     (boots currently unavailable)
MR     .....     NoTele   +     (no amulet)
Stlth  ++........               c - ring of resist corrosion
                                q - +3 ring of dexterity

@: tree-form, not resistant to hostile enchantments, unstealthy
A: no striking features
a: no special abilities


You were on level 5 of the Dungeon.
You were not hungry.
You were a tree.
You visited 2 branches of the dungeon, and saw 6 of its levels.

You collected 264 gold pieces.

Inventory:

Hand Weapons
 a - a +1 shortbow (weapon)
 b - a +0 short sword
 e - a +2 short sword of speed
Missiles
 d - 35 arrows (quivered)
Armour
 h - a +0 pair of gloves (melded)
 i - a +0 helmet (melded)
 p - a +3 leather armour (melded)
Jewellery
 c - a ring of resist corrosion (right branch)
 j - an uncursed ring of stealth
 q - a +3 ring of dexterity (left branch)
Wands
 o - a wand of random effects (29/48)
Scrolls
 l - 4 scrolls of identify
 s - a scroll of recharging
Potions
 r - a potion of agility {unknown}
Comestibles
 f - 4 bread rations
 k - a beef jerky
 n - 2 meat rations


   Skills:
 * Level 5.5 Fighting
 + Level 7.5 Bows
 - Level 2.1 Dodging
 - Level 1.1 Stealth


You had 5 spell levels left.
You didn't know any spells.

Dungeon Overview and Level Annotations

Branches:
Dungeon (5/15)             Temple (1/1) D:4

Altars:
Cheibriados
Dithmenos
Elyvilon
Gozag
Makhleb
Qazlal
Sif Muna
Trog
Vehumet
Xom
Yredelemnul
Zin
The Shining One


Message History

Press: ? - help, Shift-Dir - straight line, f/p - ice beast
Aim: an ice beast You shoot an arrow.
The arrow hits the ice beast.
The ice beast is lightly wounded.
The ice beast hits you but does no damage.
Firing (i - inventory):
d - 37 arrows (quivered)
Press: ? - help, Shift-Dir - straight line, f/p - ice beast
Aim: an ice beast (lightly wounded)
You shoot an arrow. The arrow hits the ice beast!
The ice beast is moderately wounded.
The ice beast hits you but does no damage.
Firing (i - inventory):
d - 36 arrows (quivered)
Press: ? - help, Shift-Dir - straight line, f/p - ice beast
Aim: an ice beast (moderately wounded)
You shoot an arrow. The arrow hits the ice beast.
The ice beast is heavily wounded.
The ice beast hits you.
* * * LOW HITPOINT WARNING * * *
The ice beast freezes you!
You die...

..#.#..#.......##.#
...(.......#....#.#
( .........#....#.#
#.#.#..##.........##
#(#.#..##..#........
#.#.............####
##((.............#
#..Y(.......##...#
####♣##.##..##...#
#.##.##..##.<.#
####.##..##...####
#.##...........
#.###.....<####
...........#
##########.# #.# #.#


You could see an ice beast.

Vanquished Creatures
  An ogre (D:4)
  A quasit (D:5)
  2 orc priests (D:3)
  An orc wizard (D:3)
  7 adders
  2 worms
  2 dart slugs
  A giant gecko (D:3)
  8 orcs
  2 giant cockroaches (D:1)
  5 goblins
  10 hobgoblins
  6 jackals
  8 kobolds
  3 quokkas
  2 ball pythons
  8 bats
  2 giant newts (D:3)
  14 rats
85 creatures vanquished.

Notes
Turn   | Place    | Note
--------------------------------------------------------------
     0 | D:1      | PossumBlood the High Elf Hunter began the quest for the Orb.
     0 | D:1      | Reached XP level 1. HP: 14/14 MP: 2/2
   298 | D:1      | Reached XP level 2. HP: 20/20 MP: 3/3
   843 | D:1      | Reached XP level 3. HP: 25/25 MP: 4/4
   924 | D:2      | Found a deep blue altar of Sif Muna.
   986 | D:2      | Reached skill level 6 in Bows
  1368 | D:2      | Reached XP level 4. HP: 26/32 MP: 5/5
  1683 | D:3      | Found a glowing silver altar of Zin.
  2002 | D:3      | Reached XP level 5. HP: 22/38 MP: 6/6
  2869 | D:3      | Reached skill level 7 in Bows
  3034 | D:4      | Reached skill level 5 in Fighting
  3039 | D:4      | Found a staircase to the Ecumenical Temple.
  3067 | Temple   | Entered the Ecumenical Temple
  3204 | D:4      | Found a burning altar of Makhleb.
  3624 | D:4      | Noticed an ogre
  3629 | D:4      | Killed an ogre
  3629 | D:4      | Reached XP level 6. HP: 45/45 MP: 7/7
  3673 | D:4      | Found a stormy altar of Qazlal.
  3723 | D:5      | Entered Level 5 of the Dungeon
  3798 | D:5      | Noticed an ice beast
  3809 | D:5      | HP: 2/45 [ice beast (13)]
  3818 | D:5      | Slain by an ice beast

Skill      XL: |  1  2  3  4  5 |
---------------+----------------+-----
Fighting       | 3 4 5 |  5.5
Bows           | 6 7 |  7.5
Dodging        | |  2.1
Stealth        | |  1.1

Action                   |  1- 3 |  4- 6 || total
-------------------------+-------+-------++-------
 Fire: Shortbow          |   102 |   187 ||   289
  Use: Scroll            |     5 |     5 ||    10
       Potion            |       |     4 ||     4
  Eat: Fruit             |     1 |     3 ||     4
       Meat ration       |       |     1 ||     1
Armor: Leather armour    |     7 |    44 ||    51
       Skin              |       |     5 ||     5
Dodge: Dodged            |     6 |    73 ||    79
